Selects Airborne Battlegroup
Selects Smoke Bombing Run
Selects Heavy Machine Gun Paradrop
Heavy Machine Gun Paradrop
Construct Weapon Support Center
Heavy Machine Gun Paradrop
Selects Paratrooper Squad Paradrop
Heavy Machine Gun Paradrop
Heavy Machine Gun Paradrop
Selects Anti-tank Gun Team Paradrop
Heavy Machine Gun Paradrop
M4(105) Sherman Bulldozer
M18 Hellcat Tank Destroyer
Paratrooper Squad Paradrop
M4(105) Sherman Bulldozer
Selects Carpet Bombing Run
M18 Hellcat Tank Destroyer
M18 Hellcat Tank Destroyer
Advanced Air Reconnaissance
M18 Hellcat Tank Destroyer
Grasshopper High-Altitude Recon Run
Heavy Machine Gun Paradrop
Paratrooper Squad Paradrop
Anti-tank Gun Team Paradrop
Grasshopper High-Altitude Recon Run
M18 Hellcat Tank Destroyer
M18 Hellcat Tank Destroyer
M18 Hellcat Tank Destroyer
Grasshopper High-Altitude Recon Run
Grasshopper High-Altitude Recon Run